 Dungeon Crawl Stone Soup version 0.29.0-11-gd7f09526c8 (webtiles) character file.

Game seed: 12319163693709082957

1470 benadryl the Ruffian (level 8, -29/73 (79) HPs)
             Began as a Troll Fighter on Sept 5, 2022.
             Killed by an exploding scorpion (33 damage)
             ... ignited by their inner flame
             ... on level 6 of the Dungeon.
             The game lasted 00:04:14 (4159 turns).

benadryl the Ruffian (Troll Fighter)                Turns: 4159, Time: 00:04:14

HP:   -29/73 (79)   AC:  5    Str: 33    XL:     8   Next: 49%
MP:   7/7           EV:  8    Int:  4    God:
Gold: 208           SH:  8    Dex:  9    Spells: 7/7 levels left

rFire   . . .      SeeInvis .     - Unarmed
rCold   . . .      Faith    .   b - +0 kite shield
rNeg    . . .      Spirit   .   a - +0 robe
rPois   .          Reflect  .   (helmet restricted)
rElec   .          Harm     .   x - +0 cloak
rCorr   .          Rampage  .   (gloves unavailable)
Will    .....                   (boots unavailable)
Stlth   +.........              (no amulet)
HPRegen 1.02/turn               A - +6 ring of strength
MPRegen 0.10/turn               (no ring)

@: about to teleport, drained
A: large, unfitting armour, claws 3, regeneration 1, shaggy fur 1, tough skin 1
a: no special abilities


You were on level 6 of the Dungeon.
You visited 1 branch of the dungeon, and saw 6 of its levels.
You also visited: Sewer.

You collected 208 gold pieces.

Inventory:

Hand Weapons
 y - a +0 giant club
Missiles
 f - 9 large rocks (quivered)
 s - a curare-tipped dart
Armour
 a - a +0 robe (worn)
 b - a +0 kite shield (worn)
 x - a +0 cloak (worn)
Jewellery
 k - a ring of fire
 z - a ring of fire
 A - a +6 ring of strength (left claw)
Scrolls
 e - 2 scrolls of teleportation
 g - 2 scrolls of fog
 i - 2 scrolls of amnesia {unknown}
 n - a scroll of fear {unknown}
 o - a scroll of enchant weapon
 p - a scroll of enchant armour {unknown}
 t - a scroll of magic mapping
Potions
 c - a potion of might
 d - a potion of resistance
 h - 3 potions of brilliance
 j - a potion of flight {unknown}
 l - a potion of curing {@q1}
 u - a potion of berserk rage {unknown}
 w - a potion of degeneration {unknown}


   Skills:
 + Level 4.9 Fighting
 + Level 1.2 Throwing
 - Level 2.4 Dodging
 + Level 5.4 Shields
 * Level 7.6 Unarmed Combat


You had 7 spell levels left.
You didn't know any spells.
Your spell library contained the following spells:

 Spells                   Type           Power      Damage    Failure   Level
 Magic Dart               Conj           0%         1d3       77%         1
 Call Imp                 Summ           0%         N/A       88%         2
 Static Discharge         Conj/Air       0%         3-3/arc   88%         2
 Mephitic Cloud           Conj/Pois/Air  0%         N/A       98%         3
 Dispel Undead            Necr           0%         3d6       100%        4
 Sticky Flame             Conj/Fire      0%         2d3       100%        4


Dungeon Overview and Level Annotations

Branches:
Dungeon (6/15)             Temple (0/1) D:6           Sewer (visited)

Altars:
Fedhas


Innate Abilities, Weirdness & Mutations

You are too large for most types of armour.
You have claws for hands.
Your natural rate of healing is unusually fast.
You are covered in fur. (AC +1)
You have tough skin. (AC +1)


Message History

The wight hits you from afar with a +3 spear.
The wight completely misses you. You block the scorpion's attack.
It was a potion of cancellation.
You feel magically purged. The scorpion closely misses you.
You block the wight's attack. The wight hits you with a +4 battleaxe.
You feel drained.
An orc comes into view. It is wielding a +0 trident.
It was a potion of magic.
Magic courses through your body. You block the scorpion's attack.
You block the wight's attack. The wight hits you with a +4 battleaxe!
You feel drained. The scorpion stings you.
As you read the scroll labelled OSMUKL KUTI, it crumbles to dust.
You feel aware of your surroundings.
You sensed 1 altar.
It was a scroll of magic mapping.
The wight hits you from afar with a +3 spear.
You block the wight's attack. The scorpion stings you.
As you read the scroll labelled RES DASEFYNEU, it crumbles to dust.
The creatures around you are filled with an inner flame!
It was a scroll of immolation.
You block the wight's attack.
An orc wizard comes into view. It is wielding a +0 dagger.
You block the wight's attack. The scorpion misses you.
As you read the scroll labelled UDARIO HEEKOBE, it crumbles to dust.
You feel strangely unstable.
It was a scroll of teleportation.
The wight barely misses you. The wight hits you with a +4 battleaxe!
An orc comes into view. It is wielding a +0 mace.
The scorpion stings you but does no damage.
You feel better.
The scorpion stings you but does no damage.
You block the wight's attack. The wight hits you with a +4 battleaxe!
You scratch the scorpion.
Flame seeps out of the scorpion.
The scorpion is lightly wounded.
The scorpion is engulfed in blazing flames.
Flame seeps out of the scorpion.
You block the scorpion's attack.
The wight hits you from afar with a +3 spear!
* * * LOW HITPOINT WARNING * * *
The wight hits you with a +4 battleaxe!
* * * LOW HITPOINT WARNING * * *
The scorpion is engulfed in blazing flames.
The scorpion explodes!
The fiery explosion engulfs you!!
You die...

*,,*****,,*,,,,,...#.##..........
*,,,,,,,>,**,..###...#......#####
,,,,,,,,,,,*,*##.......#...##
********,*,*,*..o#.###...### *
*,,,,,,,oY#.# ##.## **,,,*,*Sz#.#
#.# ***,,,*#z#.# #.# *****#z#.#
#.######### #@#.# #..........
#○#.# ########### #o#.### #
#.....# # ###.#.# # #.#.# #
************ #.#.# #######
,,,,,,,,,,,* #.#.# #......
**********,* #.#.# #.#####


You could see an ice beast (inner flame), 3 wights, an orc wizard, an adder
(inner flame) and 2 orcs.

Vanquished Creatures
  A sky beast (D:6)
  2 ice beasts (D:6)
  A black bear (D:5)
  2 ogres (D:5)
  A centaur (D:5)
  A phantom (D:5)
  2 kobold brigands (Sewer)
  A gnoll sergeant (D:5)
  2 scorpions
  A howler monkey (D:4)
  2 hounds
  2 jellies (D:4)
  2 iguanas
  5 gnolls (D:5)
  10 adders
  3 river rats
  2 white imps (D:6)
  An ufetubus (D:6)
  2 worms (D:2)
  4 dart slugs
  5 orcs
  11 ball pythons
  4 bats
  7 endoplasms
  5 giant cockroaches
  7 goblins
  3 hobgoblins
  7 jackals
  6 quokkas
  10 frilled lizards
  7 kobolds
  10 rats
129 creatures vanquished.

Vanquished Creatures (others)
  8 plants (Sewer)
8 creatures vanquished.

Grand Total: 137 creatures vanquished

Notes
Turn   | Place    | Note
-------+----------+-------------------------------------------
     0 | D:1      | benadryl the Troll Fighter began the quest for the Orb.
     0 | D:1      | Reached XP level 1. HP: 22/22 MP: 0/0
   161 | D:1      | Reached XP level 2. HP: 29/29 MP: 1/1
   567 | D:1      | Found a faded altar of an unknown god.
   854 | D:2      | Reached XP level 3. HP: 36/36 MP: 2/2
   887 | D:2      | Reached skill level 3 in Unarmed Combat
  1227 | D:2      | Reached XP level 4. HP: 43/44 MP: 3/3
  1449 | D:3      | Found a glowing drain.
  1462 | Sewer    | Entered a sewer
  1464 | Sewer    | Noticed a kobold brigand
  1476 | Sewer    | Killed a kobold brigand
  1477 | Sewer    | Reached skill level 4 in Unarmed Combat
  1477 | Sewer    | Reached XP level 5. HP: 51/53 MP: 4/4
  1606 | Sewer    | Reached XP level 6. HP: 54/61 MP: 5/5
  2080 | D:3      | You fall into a shaft and drop 1 floor!
  2094 | D:4      | Reached skill level 5 in Unarmed Combat
  2285 | D:4      | Reached XP level 7. HP: 58/68 MP: 6/6
  2476 | D:4      | Found a blossoming altar of Fedhas.
  2701 | D:5      | Entered Level 5 of the Dungeon
  2711 | D:5      | Reached skill level 6 in Unarmed Combat
  3194 | D:5      | Identified the +8 rapier of Licwihum {drain, rN+ Dex+4}
  3439 | D:5      | Reached skill level 5 in Shields
  3439 | D:5      | Reached XP level 8. HP: 63/79 MP: 7/7
  3505 | D:5      | Reached skill level 7 in Unarmed Combat
  3685 | D:6      | Reached skill level 1 in Throwing
  4159 | D:6      | Killed by an exploding scorpion... ignited by their inner
                  | flame

Illustrated notes

Levels and vault maps discovered:
D:1:      saegor_arrival_fortress, layout_basic, basic_ecumenical_altar,
          grunt_decor_arrowhead, roderic_serpentine_path
D:2:      layout_basic
D:3:      minmay_chambers_of_twos, layout_rooms, portal_sewer_entry_b,
          kennysheep_flooded_box
D:4:      layout_basic, mainiacjoe_overflow_24_doors, minmay_crossroads
D:5:      layout_basic
D:6:      layout_loops_ring, mainiacjoe_overflow_concentric_impassable,
          minmay_temple_entry_slanted, kennysheep_small_square,
          uniq_blork_the_orc, uniq_menkaure

Skill      XL: |  1  2  3  4  5  6  7  8 |
---------------+-------------------------+-----
Shields        | 3 4 5 |  5.4
Unarmed Combat | 3 4 5 6 7 |  7.6
Fighting       | 3 4 |  4.9
Throwing       | 1 |  1.2
Dodging        | |  2.4

Action                   |  1- 3 |  4- 6 |  7- 9 || total
-------------------------+-------+-------+-------++-------
Melee: Unarmed           |    84 |   144 |    91 ||   319
Throw: Dart              |       |       |     1 ||     1
  Use: Scroll            |     2 |     3 |     4 ||     9
       Potion            |       |       |     4 ||     4
 Stab: Sleeping          |     1 |     2 |       ||     3
Armor: Robe              |    32 |    36 |    15 ||    83
Dodge: Dodged            |    24 |    63 |    35 ||   122
Block: Kite shield       |    21 |    60 |    61 ||   142
